 Dungeon Crawl Stone Soup version 0.20.0-14-g326068f (webtiles) character file.

29156 skittles the Destroyer (level 13, 0/113 HPs)
             Began as a Purple Draconian Fire Elementalist on June 8, 2017.
             Was an Elder of Vehumet.
             Slain by a minotaur
             ... wielding the +4 great sword of Iconoclasm {flame, rF+++ Int-4 Dex+5}
              (1 damage)
             ... in a labyrinth.
             The game lasted 01:31:21 (20603 turns).

skittles the Destroyer (DrFE)                      Turns: 20603, Time: 01:31:22

Health: 0/113      AC: 17    Str: 11    XL:     13   Next: 13%
Magic:  1/27       EV: 19    Int: 20    God:    Vehumet [****..]
Gold:   1117       SH:  0    Dex: 15    Spells: 6/33 levels left

rFire    + . .     SeeInvis .   x - staff of cold
rCold    + . .     Gourm    .   (no shield)
rNeg     . . .     Faith    .   (armour unavailable)
rPois    .         Spirit   .   (helmet restricted)
rElec    .         Reflect  .   O - +2 cloak
rCorr    .         Harm     .   W - +2 pair of gloves {Dex+3}
MR       +....                  a - +2 pair of boots {Fly}
Stlth    ++........             n - amulet of magic regeneration
Regen    0.3/turn               d - ring of protection from cold
MPRegen  0.3/turn               K - ring of fire

@: about to teleport, flying, very slightly contaminated
A: breathe power, unfitting armour, mutation resistance 1, cold-blooded, AC +8
a: Breathe Dispelling Energy, Renounce Religion, Stop Flying


You were in a labyrinth.
You worshipped Vehumet.
Vehumet was greatly pleased with you.
You were very hungry.

You visited 3 branches of the dungeon, and saw 16 of its levels.
You also visited: Labyrinth, Bailey and Ice Cave.

You collected 1117 gold pieces.

Inventory:

Hand Weapons
 i - a +0 spear
 B - a +2 whip of flaming
 N - a +7 morningstar
 Z - the +1 great sword "Genoiggi" {slice, rElec MR+}
   (You found it on level 10 of the Dungeon)

   It inflicts extra damage upon your enemies.
   It insulates you from electricity.
   It affects your resistance to hostile enchantments.
Armour
 a - a +2 pair of boots of flying (worn)
 C - the +5 shield of Life {rElec Int-2 Dex+2}
   (You acquired it on level 1 of the Lair of Beasts)

   It affects your intelligence (-2).
   It affects your dexterity (+2).
   It insulates you from electricity.
 O - a +2 cloak (worn)
 W - a +2 pair of gloves of dexterity (worn)
Magical Staves
 x - an uncursed staff of cold (weapon)
Jewellery
 d - a ring of protection from cold (left hand)
 e - an uncursed ring of poison resistance
 n - an amulet of magic regeneration (around neck)
 s - an uncursed ring of protection from magic
 u - an uncursed ring of positive energy
 K - a ring of fire (right hand)
 R - an uncursed ring of ice
Wands
 k - a wand of digging (24/24)
 M - a wand of acid (0/15)
Scrolls
 j - 4 scrolls of teleportation
 p - a scroll of fog
 q - 2 scrolls of blinking
 E - 4 scrolls of remove curse
 P - 2 scrolls of amnesia
 T - 2 scrolls of summoning
Potions
 f - 3 potions of brilliance
 h - a potion of magic
 l - 2 potions of heal wounds
 m - 3 potions of curing
 o - 2 potions of might
 w - 6 potions of haste
 z - 3 potions of lignification
 A - a potion of agility
Miscellaneous
 Y - a lamp of fire
Comestibles
 G - 13 royal jellies
 Q - 15 fruits


   Skills:
 - Level 10.1 Fighting
 + Level 9.8 Dodging
 - Level 1.7 Stealth
 + Level 0.8 Shields
 - Level 10.5 Spellcasting
 + Level 10.9 Conjurations
 - Level 10.0 Fire Magic
 + Level 4.8 Ice Magic


You had 6 spell levels left.
You knew the following spells:

 Your Spells              Type           Power        Failure   Level  Hunger
a - Flame Tongue          Conj/Fire      #####        1%          1    None
b - Conjure Flame         Conj/Fire      ######..     1%          3    None
c - Sticky Flame          Conj/Fire      ######..     1%          4    ##.....
d - Fireball              Conj/Fire      ######....   1%          5    ####...
f - Mephitic Cloud        Conj/Pois/Air  ####....     1%          3    None
g - Ignite Poison         Fire/Tmut/Pois #####...     1%          3    None
h - Bolt of Cold          Conj/Ice       ######....   11%         6    ######.
p - Swiftness             Chrm/Air       ##......     10%         2    None


Dungeon Overview and Level Annotations

Branches:
Dungeon (13/15)            Temple (1/1) D:6            Lair (2/6) D:11
    Orc (0/2) D:10
  Swamp: Lair:2-4    Shoals: Lair:2-4     Snake: Lair:2-4    Spider: Lair:2-4
 Vaults: D:13-14

Altars:
Ashenzari
Cheibriados
Dithmenos
Fedhas
Hepliaklqana
Kikubaaqudgha
Makhleb
Nemelex Xobeh
Okawaru
Qazlal
Ru
Trog
Uskayaw
Vehumet
Xom
Yredelemnul
Zin
The Shining One

Shops:
D:13 (=


Innate Abilities, Weirdness & Mutations

You can breathe bolts of dispelling energy.
Your rich purple scales are hard. (AC +8)
You cannot fit into any form of body armour.
You are cold-blooded and may be slowed by cold attacks.
You are somewhat resistant to further mutation.


Message History

The ball explodes into a vile cloud!
The stinking cloud engulfs the minotaur.
The minotaur is severely wounded.
The stinking cloud engulfs you!
You are engulfed in noxious fumes.
You choke on the stench!
You are confused.
The minotaur is engulfed in noxious fumes.
The minotaur hits you with a jewelled great sword {flame}!!
* * * LOW HITPOINT WARNING * * *
The minotaur burns you.
* * * LOW HITPOINT WARNING * * *
The minotaur barely misses you.
You bump into the metal wall.
You are engulfed in noxious fumes.
* * * LOW HITPOINT WARNING * * *
You feel less confused.
The minotaur is engulfed in noxious fumes.
The minotaur hits you with a jewelled great sword {flame}!!
* * * LOW HITPOINT WARNING * * *
The minotaur burns you.
You die...

. .#.. #
#####.#
###.#### #.
...#.#... .
.#
###.######
#. ### ##
#...#.#
...#.#.#...
.# ###.#.#
## # . .
#.§.....# .
## ## #
###H### #
..#.... #
#§@.# .. .
. # # #####
# #. .# ( #
#.#. #.# #
# . ..#( #
.#(##### #
# #


You could see a minotaur.

Vanquished Creatures
  Josephine (D:13)
  A hydra (D:11)
  3 two-headed ogres
  The ghost of mopl the Covert, a novice DsAs of Hepliaklqana (Lair:1)
  The ghost of greprep the Carver, a novice MiFi of Ashenzari (Bailey)
  The ghost of no0bjke the Spear-Bearer, a novice GrFi of Okawaru (D:8)
  A skeletal warrior (D:13)
  The ghost of Feta the Chopper, a novice FoFi of Elyvilon (D:6)
  Pikel (D:7)
  A necromancer (IceCv)
  4 slime creatures (D:12)
  2 ugly things
  Maurice (D:9)
  Joseph (Lair:1)
  An ice statue (IceCv)
  2 spiny frogs (Lair:1)
  2 gargoyles
  2 komodo dragons (Lair:1)
  10 freezing wraiths (IceCv)
  A troll (D:12)
  6 hippogriffs
  Prince Ribbit (D:7)
  A shadow (D:11)
  22 yaks
  A basilisk (Lair:1)
  5 wraiths (D:13)
  3 sky beasts
  6 vampire mosquitoes (D:13)
  The ghost of mopl the Sneak, an amateur DsAs (D:4)
  Menkaure (D:7)
  A death yak simulacrum (IceCv)
  A soldier ant (D:12)
  2 water moccasins
  11 orc warriors
  10 ice beasts
  2 porcupines (Lair:1)
  2 slaves (D:6)
  A black bear (D:9)
  7 ogres
  2 eyes of draining
  2 phantoms
  2 alligator simulacra (IceCv)
  2 necrophages
  4 centaurs
  3 big kobolds
  7 bullfrogs
  4 scorpions
  8 killer bees
  4 howler monkeys
  11 wights
  An electric eel (Lair:1)
  2 crimson imps
  2 draconian simulacra (IceCv)
  3 hounds
  2 quasits (D:10)
  2 centaur zombies
  6 jellies
  5 orc priests
  3 bullfrog skeletons
  An iguana (D:10)
  7 worker ants
  A human skeleton (D:6)
  9 orc wizards
  6 troll simulacra (IceCv)
  A polar bear simulacrum (IceCv)
  A centaur simulacrum (IceCv)
  A hound zombie (D:5)
  2 hound skeletons
  2 howler monkey skeletons
  2 worker ant zombies
  13 adders
  9 gnolls
  5 naga simulacra (IceCv)
  6 ogre simulacra (IceCv)
  3 shadow imps
  12 white imps (IceCv)
  5 oozes (D:8)
  An adder skeleton (D:4)
  A worm (D:3)
  A dart slug (D:2)
  6 leopard geckos
  39 orcs
  4 giant cockroaches
  10 goblins
  7 hobgoblins
  16 jackals
  3 quokkas
  A ball python (D:3)
  7 bats
  5 frilled lizards
  A giant cockroach zombie (D:5)
  31 kobolds
  4 rats
420 creatures vanquished.

Vanquished Creatures (others)
  A human (D:6)
  2 slaves
  A sky beast (D:6)
  A scorpion (D:9)
  A gnoll (D:9)
  A quokka (D:6)
  A fungus (Lair:2)
  3 plants (D:1)
11 creatures vanquished.

Grand Total: 431 creatures vanquished

Notes
Turn   | Place    | Note
-------+----------+-------------------------------------------
     0 | D:1      | skittles the Draconian Fire Elementalist began the quest for the Orb.
     0 | D:1      | Reached XP level 1. HP: 14/14 MP: 3/3
   690 | D:1      | Reached XP level 2. HP: 19/22 MP: 5/5
   862 | D:1      | Reached skill level 1 in Fighting
  1328 | D:1      | Reached XP level 3. HP: 28/28 MP: 2/6
  1736 | D:2      | Learned a level 3 spell: Conjure Flame
  1911 | D:2      | Found a blossoming altar of Fedhas.
  2336 | D:3      | Reached XP level 4. HP: 32/36 MP: 0/7
  2600 | D:3      | Found a hazy altar of Hepliaklqana.
  2606 | D:3      | Found a sparkling altar of Nemelex Xobeh.
  2606 | D:3      | Found a bloodstained altar of Trog.
  2607 | D:3      | Found a glowing golden altar of the Shining One.
  2841 | D:3      | Reached XP level 5. HP: 39/42 MP: 6/8
  3412 | D:3      | Learned a level 4 spell: Sticky Flame
  3974 | D:4      | Noticed mopl's ghost (amateur DsAs)
  4150 | D:4      | Killed mopl's ghost
  4150 | D:4      | Reached XP level 6. HP: 46/51 MP: 5/10
  4547 | D:4      | Your scales start taking on a rich purple colour.
  4547 | D:4      | Reached XP level 7. HP: 57/57 MP: 13/13
  5039 | D:5      | Entered Level 5 of the Dungeon
  5317 | D:5      | Reached skill level 5 in Fire Magic
  5515 | D:5      | Reached XP level 8. HP: 66/66 MP: 11/15
  5949 | D:6      | Reached skill level 5 in Spellcasting
  5969 | D:6      | Found a runed door.
  5987 | D:6      | Found a basalt altar of Yredelemnul.
  6037 | D:6      | Found a staircase to the Ecumenical Temple.
  6049 | Temple   | Entered the Ecumenical Temple
  6060 | Temple   | Became a worshipper of Vehumet
  6207 | D:6      | Noticed Feta's ghost (novice FoFi)
  6228 | D:6      | Killed Feta's ghost
  6228 | D:6      | Reached skill level 5 in Fighting
  6228 | D:6      | Reached skill level 5 in Conjurations
  6398 | D:6      | Found a burning altar of Makhleb.
  6615 | D:6      | Reached skill level 5 in Dodging
  6615 | D:6      | Reached XP level 9. HP: 74/74 MP: 12/17
  6869 | D:6      | Learned a level 5 spell: Fireball
  6965 | D:7      | Noticed Menkaure
  6965 | D:7      | Noticed Prince Ribbit
  6981 | D:7      | Killed Prince Ribbit
  6985 | D:7      | Killed Menkaure
  7142 | D:7      | Found a flagged portal.
  7156 | Bailey   | Entered a bailey
  7164 | Bailey   | Noticed greprep's ghost (novice MiFi)
  7180 | Bailey   | Killed greprep's ghost
  7633 | Bailey   | Reached * piety under Vehumet
  7633 | Bailey   | Offered knowledge of Magic Dart by Vehumet.
  7826 | D:7      | Gained mutation: You are somewhat resistant to further mutation. [potion of mutation]
  8004 | D:7      | Noticed Pikel
  8177 | D:7      | Killed Pikel
  8177 | D:7      | Reached XP level 10. HP: 68/83 MP: 9/21
  8964 | D:8      | Noticed a hand axe
  8965 | D:8      | Noticed a dagger
  9401 | D:8      | Learned a level 2 spell: Swiftness
  9543 | D:8      | Noticed no0bjke's ghost (novice GrFi)
  9562 | D:8      | Killed no0bjke's ghost
  9889 | D:8      | Noticed a two-headed ogre
  9905 | D:8      | Killed a two-headed ogre
 10146 | D:8      | Found a hide-covered altar of Uskayaw.
 10209 | D:8      | Reached ** piety under Vehumet
 10289 | D:9      | Offered knowledge of Sting by Vehumet.
 10394 | D:9      | Noticed Maurice
 10468 | D:9      | Killed Maurice
 10595 | D:9      | Found a shadowy altar of Dithmenos.
 11355 | D:10     | Entered Level 10 of the Dungeon
 11413 | D:10     | Reached XP level 11. HP: 64/94 MP: 14/23
 11590 | D:10     | Offered knowledge of Mephitic Cloud by Vehumet.
 11599 | D:10     | Learned a level 3 spell: Mephitic Cloud
 11791 | D:10     | Noticed a two-headed ogre
 11976 | D:10     | Got a scorched great sword
 11983 | D:10     | Identified the +1 great sword "Genoiggi" {slice, rElec MR+} (You found it on level 10 of the Dungeon)
 11996 | D:10     | Killed a two-headed ogre
 12062 | D:10     | Reached *** piety under Vehumet
 12191 | D:10     | Found a staircase to the Orcish Mines.
 12527 | D:11     | Offered knowledge of Fulminant Prism by Vehumet.
 12630 | D:11     | Noticed a purple ugly thing
 12642 | D:11     | Killed a purple ugly thing
 12815 | D:11     | Noticed a two-headed ogre
 12824 | D:11     | Killed a two-headed ogre
 12839 | D:11     | Noticed a red ugly thing
 13067 | D:11     | Found a staircase to the Lair.
 13296 | D:11     | Noticed a five-headed hydra
 13301 | D:11     | Killed a five-headed hydra
 13958 | D:12     | Found a frozen archway.
 13966 | IceCv    | Entered an ice cave
 13967 | IceCv    | Reached **** piety under Vehumet
 14082 | IceCv    | Offered knowledge of Ignite Poison by Vehumet.
 14093 | IceCv    | Learned a level 3 spell: Ignite Poison
 14327 | IceCv    | Reached XP level 12. HP: 105/105 MP: 21/25
 14386 | IceCv    | HP: 5/105 [freezing wraith (6)]
 14915 | IceCv    | Reached skill level 10 in Spellcasting
 15221 | IceCv    | Found an ancient bone altar of Kikubaaqudgha.
 15756 | IceCv    | Reached ***** piety under Vehumet
 15770 | IceCv    | Offered knowledge of Bolt of Draining by Vehumet.
 16316 | D:12     | Reached skill level 10 in Fighting
 16560 | D:12     | Reached skill level 10 in Fire Magic
 16568 | D:12     | Learned a level 6 spell: Bolt of Cold
 17329 | D:12     | Reached skill level 1 in Ice Magic
 17420 | D:13     | Noticed Josephine
 17420 | D:13     | Reached skill level 10 in Conjurations
 17422 | D:13     | Killed Josephine
 17663 | D:13     | Found Uceycw's Antique Weapon Boutique.
 17725 | D:13     | Found Koaky's Jewellery Emporium.
 17841 | D:13     | Noticed a death knight
 18199 | Lair:1   | Entered Level 1 of the Lair of Beasts
 18272 | Lair:1   | Noticed mopl's ghost (novice DsAs)
 18304 | Lair:1   | Killed mopl's ghost
 18620 | Lair:1   | Found a glowing silver altar of Zin.
 18640 | Lair:1   | Noticed Joseph
 18667 | Lair:1   | Reached XP level 13. HP: 70/113 MP: 10/27
 18683 | Lair:1   | Killed Joseph
 19392 | Lair:1   | Identified 2 scrolls of acquirement
 19393 | Lair:1   | Got a slimy shield
 19400 | Lair:1   | Identified the +5 shield of Life {rElec Int-2 Dex+2} (You acquired it on level 1 of the Lair of Beasts)
 19571 | Lair:2   | Found a labyrinth entrance.
 19577 | Lab      | Entered a labyrinth
 19802 | Lab      | Noticed a minotaur
 20603 | Lab      | HP: 1/113 [minotaur/jewelled great sword {flame} (18)]
 20603 | Lab      | Identified the +4 great sword of Iconoclasm {flame, rF+++ Int-4 Dex+5}
 20603 | Lab      | Slain by a minotaur

Skill      XL: |  1  2  3  4  5  6  7  8  9 10 11 12 |
---------------+-------------------------------------+-----
Dodging        | 2 3 5 6 7 8 9 |  9.8
Fighting       | 1 2 3 4 5 6 8 9 10 | 10.1
Conjurations   | 2 3 4 5 6 7 9 10 | 10.9
Fire Magic     | 4 5 6 7 8 9 10 | 10.0
Spellcasting   | 3 4 5 7 8 9 10 | 10.5
Ice Magic      | 4 |  4.8
Stealth        | |  1.7
Shields        | |  0.8

Action                   |  1- 3 |  4- 6 |  7- 9 | 10-12 | 13-15 || total
-------------------------+-------+-------+-------+-------+-------++-------
Melee: Unarmed           |    20 |       |       |       |       ||    20
       Spear             |    65 |    75 |   105 |       |       ||   245
       Tailslap          |     4 |    11 |    15 |    29 |     4 ||    63
       Mace              |       |    65 |    89 |       |       ||   154
       Flail             |       |       |    48 |       |       ||    48
       Battleaxe         |       |       |    19 |    90 |       ||   109
       Whip              |       |       |       |    60 |       ||    60
       Morningstar       |       |       |       |     6 |    15 ||    21
       Great sword       |       |       |       |   101 |     8 ||   109
       Staff             |       |       |       |       |     4 ||     4
 Cast: Flame Tongue      |    46 |    43 |    75 |   316 |    13 ||   493
       Conjure Flame     |       |     3 |     8 |    17 |     1 ||    29
       Sticky Flame      |       |     3 |    21 |    96 |     6 ||   126
       Fireball          |       |       |     4 |    49 |       ||    53
       Mephitic Cloud    |       |       |       |     2 |    16 ||    18
       Swiftness         |       |       |       |     1 |     1 ||     2
       Bolt of Cold      |       |       |       |     1 |     9 ||    10
       Ignite Poison     |       |       |       |       |     1 ||     1
 Abil: Breathe Dispellin |       |       |     3 |     3 |     2 ||     8
Evoke: Wand              |       |       |       |       |     3 ||     3
  Use: Scroll            |     4 |       |     7 |    10 |    14 ||    35
       Potion            |     3 |       |     1 |     4 |     3 ||    11
 Stab: Sleeping          |     4 |       |     2 |       |     1 ||     7
       Distracted        |     1 |       |       |     2 |       ||     3
  Eat: Chunk             |     5 |     9 |    13 |    27 |     5 ||    59
       Royal jelly       |       |       |     2 |     1 |       ||     3
       Meat ration       |       |       |       |     3 |       ||     3
       Bread ration      |       |       |       |     1 |       ||     1
       Fruit             |       |       |       |       |     7 ||     7
Armor: Skin              |    36 |    51 |    88 |   138 |    20 ||   333
Dodge: Dodged            |    86 |   101 |   197 |   454 |    31 ||   869
Block: Shield            |       |       |       |       |    12 ||    12
       Rpst.: Great sword |       |       |       |    52 |     5 ||    57
